 Dungeon Crawl Stone Soup version 0.30-a0-242-g7bf8e6d787 (webtiles) character file.

Game seed: 11404652080575378124

6 koil the Sneak (level 1, -1/9 HPs)
             Began as a Spriggan Enchanter on Oct 11, 2022.
             Slain by a quokka (4 damage)
             ... on level 1 of the Dungeon.
             The game lasted 00:00:42 (158 turns).

koil the Sneak (Spriggan Enchanter)                  Turns: 158, Time: 00:00:43

Health: -1/9       AC:  2    Str:  4    XL:     1   Next: 75%
Magic:  5/5        EV: 17    Int: 16    God:
Gold:   50         SH:  0    Dex: 15    Spells: 5/5 levels left

rFire   . . .      SeeInvis +    a - +1 dagger
rCold   . . .      Faith    .    (no shield)
rNeg    . . .      Spirit   .    b - +0 robe
rPois   .          Reflect  .    (helmet restricted)
rElec   .          Harm     .    (no cloak)
rCorr   .          Rampage  .    (gloves unavailable)
Will    .....                    (boots unavailable)
Stlth   +++.......               (no amulet)
HPRegen 0.21/turn                (no ring)
MPRegen 0.09/turn                (no ring)

@: very quick
A: very small, no large weapons, unfitting armour, see invisible, speed 3
a: no special abilities


You were on level 1 of the Dungeon.
You visited 1 branch of the dungeon, and saw 1 of its levels.

You collected 50 gold pieces.

Inventory:

Hand Weapons
 a - a +1 dagger (weapon)
Armour
 b - a +0 robe (worn)
Scrolls
 d - a scroll of teleportation {unknown}
 e - 2 scrolls of silence {unknown}
 f - a scroll of enchant weapon {unknown}
Potions
 c - 2 potions of invisibility


   Skills:
 + Level 1.3 Short Blades
 + Level 2.8 Dodging
 + Level 4.5 Stealth
 + Level 2.7 Spellcasting
 + Level 3.8 Hexes


You had 5 spell levels left.
You didn't know any spells.
Your spell library contained the following spells:

 Spells                   Type           Power      Damage    Failure   Level
 Confusing Touch          Hex            14%        N/A       12%         3
 Tukima's Dance           Hex            14%        N/A       12%         3
 Ensorcelled Hibernation  Hex/Ice        16%        N/A       13%         2
 Dazzling Flash           Conj/Hex       16%        N/A       26%         3


Dungeon Overview and Level Annotations

Branches:
Dungeon (1/15)

Altars:


Innate Abilities, Weirdness & Mutations

You are very small and have problems with some larger weapons.
You are too small for most types of armour.
You have supernaturally acute eyesight. (SInv)
You cover ground extremely quickly. (Speed+++)


Message History

You now have 50 gold pieces (gained 5).
A ball python comes into view.
The ball python hisses angrily.
You see here a bat corpse.
You hit the ball python.
You kill the ball python!
No target in view!
You see here a bat corpse.
f - a scroll labelled TEBIMM ZAZUB
Found a stone staircase leading down.
A quokka comes into view.
You see here a fuming amethyst potion.
A kobold comes into view. It is wielding a +0 whip.
The kobold shouts!
The kobold moves out of view.
A bat comes into view.
You barely miss the kobold. The kobold closely misses you.
You hit the kobold but do no damage. The bat hits you but does no damage.
The kobold closely misses you.
You hit the kobold but do no damage. The quokka bites you.
The kobold misses you. The quokka misses you.
You closely miss the kobold. The kobold hits you with a +0 whip.
The quokka barely misses you.
You are too injured to fight recklessly!
You are too injured to fight recklessly!
You are too injured to fight recklessly!
You are too injured to fight recklessly!
There is a stone staircase leading down here.
The bat attacks as you move away! The bat hits you.
* * * LOW HITPOINT WARNING * * *
The bat closely misses you.
You hit the bat.
The bat is heavily wounded.
The bat misses you.
You hit the bat.
You kill the bat!
The quokka barely misses you.
You miss the quokka. The quokka completely misses you.
You closely miss the quokka. The quokka bites you.
You die...

.#. .####### ... .......##
### #.#.#. #..#.#... ..# ..
[..... #......## #.# ..
#.#.#.##..#.#..# #.# #.# .#
.......#.......###.# ..##..
#.# #.............####.....#
..######.....#.###.#........#
................@rK...#.#.#.#
.............#.###..........#
.......##.............#.#.#.#
.#####.##....#.##..##.......#
.# #.###.#.#.##.....#.#.#..
.# ###.# #.......!....$......
.###.#.###.#...##..###.##....
.......................# #.##
...#.......#.......###.# .#


You could see a quokka and a kobold.

Vanquished Creatures
  2 bats (D:1)
  An endoplasm (D:1)
  A ball python (D:1)
  2 rats (D:1)
6 creatures vanquished.

Notes
Turn   | Place    | Note
-------+----------+-------------------------------------------
     0 | D:1      | koil the Spriggan Enchanter began the quest for the Orb.
     0 | D:1      | Reached XP level 1. HP: 9/9 MP: 5/5
    17 | D:1      | Noticed a demonspawn zombie
    19 | D:1      | Noticed a minotaur zombie
   158 | D:1      | Slain by a quokka

Illustrated notes

Levels and vault maps discovered:
D:1:      shiori_arrival_whats_in_store_for_you, layout_basic, serial_glass,
          glass_columns_a, glass_columns_b, glass_columns_b, glass_columns_a,
          glass_columns_a, glass_columns_b, glass_columns_b, glass_columns_c,
          glass_columns_a, glass_columns_a, glass_columns_a, glass_columns_a,
          glass_columns_c, glass_columns_b

Action                   || total
-------------------------++-------
Melee: Dagger            ||    15
 Stab: Sleeping          ||     2
Armor: Robe              ||     2
Dodge: Dodged            ||    11

Table legend: (Time is in decaauts)
 A = Elapsed time spent in this place.
 B = Non-inter-level travel time spent in this place.
 C = Inter-level travel time spent in this place.
 D = Time resting spent in this place.
 E = Time spent auto-exploring this place.
 F = Levels seen in this place.
 G = Mean time per level.
                   A        B        C        D        E       F      G
               +--------+--------+--------+--------+--------+-----+--------+
         Total |    102 |    102 |      0 |      0 |     63 |   1 |  102.0 |
       Dungeon |    102 |    102 |      0 |      0 |     63 |   1 |  102.0 |
               +--------+--------+--------+--------+--------+-----+--------+

Top non-repeatable levels by time:
     D:1: 102 daAuts
